 Dungeon Crawl Stone Soup version 0.22-a0-439-gac93bac (webtiles) character file.

6052 CanOfBees the Fighter (level 10, -2/107 HPs)
             Began as an Ogre Fire Elementalist on May 29, 2018.
             Was a Believer of Okawaru.
             Slain by a two-headed ogre
             ... wielding a +0 giant club
              (26 damage)
             ... on level 10 of the Dungeon on May 30, 2018.
             The game lasted 00:42:16 (19662 turns).

CanOfBees the Fighter (Ogre Fire Elementalist)     Turns: 19662, Time: 00:42:16

Health: -2/107     AC:  5    Str: 14    XL:     10   Next: 87%
Magic:  7/22       EV: 12    Int: 19    God:    Okawaru [**....]
Gold:   297        SH:  0    Dex:  9    Spells: 10/25 levels left

rFire    . . .     SeeInvis .   G - +1 spear (venom)
rCold    . . .     Gourm    .   (no shield)
rNeg     . . .     Faith    .   h - +2 robe
rPois    .         Spirit   .   (helmet restricted)
rElec    .         Reflect  .   (no cloak)
rCorr    .         Harm     .   (gloves unavailable)
MR       +....                  (boots unavailable)
Stlth    ++++......             (no amulet)
HPRegen  0.27/turn              v - ring of stealth
MPRegen  0.18/turn              (no ring)

@: heroism
A: large, unfitting armour, tough skin 1
a: Heroism, Renounce Religion


You were on level 10 of the Dungeon.
You worshipped Okawaru.
Okawaru was pleased with you.
You were hungry.

You visited 2 branches of the dungeon, and saw 11 of its levels.

You collected 479 gold pieces.
You spent 182 gold pieces at shops.

Inventory:

Hand Weapons
 a - a +0 trident
 b - a +1 whip of freezing
 m - a +0 blowgun
 G - a +1 spear of venom (weapon)
Missiles
 d - 11 poisoned needles
 k - 26 sling bullets
 o - 3 curare-tipped needles
 r - 2 large rocks
 z - 6 tomahawks (quivered)
 D - 328 stones
Armour
 h - a +2 robe (worn)
Jewellery
 v - a ring of stealth (left hand)
Wands
 y - a wand of flame (49)
 C - a wand of polymorph (7)
Scrolls
 g - 2 scrolls of blinking
 j - 2 scrolls of fog
 s - 6 scrolls of remove curse
 x - 2 scrolls of magic mapping
 B - 2 scrolls of teleportation
 E - a scroll of fear {unknown}
 F - a scroll of enchant armour
 H - a scroll of random uselessness {unknown}
 J - a scroll of silence {unknown}
 K - a scroll of summoning
 M - a scroll of amnesia {unknown}
Potions
 e - 2 potions of lignification
 f - 2 potions of agility
 i - a potion of resistance
 l - a potion of mutation
 n - 3 potions of heal wounds
 p - 3 potions of cancellation
 q - 2 potions of flight
 t - 2 potions of curing
 u - 2 potions of haste
 w - a potion of magic {unknown}
 A - a potion of invisibility
 I - 2 potions of brilliance
Comestibles
 c - 3 rations
 L - a chunk of flesh


   Skills:
 + Level 9.5(14.5) Fighting
 + Level 6.1(11.1) Polearms
 - Level 4.0(9.0) Throwing
 - Level 2.0(7.0) Dodging
 - Level 1.4(6.4) Stealth
 + Level 8.2 Spellcasting
 - Level 5.0 Conjurations
 - Level 7.0 Fire Magic
 - Level 4.0 Invocations


You had 10 spell levels left.
You knew the following spells:

 Your Spells              Type           Power        Failure   Level  Hunger
a - Flame Tongue          Conj/Fire      ####.        1%          1    None
b - Throw Flame           Conj/Fire      ####..       1%          2    None
c - Conjure Flame         Conj/Fire      ####....     2%          3    None
d - Sticky Flame          Conj/Fire      ####....     8%          4    ###....
e - Fireball              Conj/Fire      ####......   22%         5    #####..

Your spell library contained the following spells:

 Spells                   Type           Power        Failure   Level  Hunger
 Throw Frost              Conj/Ice       ###...       4%          2    None
 Animate Skeleton         Necr           N/A          9%          1    None
 Freeze                   Ice            #...         9%          1    None
 Summon Ice Beast         Ice/Summ       #.......     65%         4    ###....
 Ozocubu's Armour         Chrm/Ice       #.......     26%         3    None
 Throw Icicle             Conj/Ice       ###.....     32%         4    ###....
 Inner Flame              Hex/Fire       ###.....     6%          3    None


Dungeon Overview and Level Annotations

Branches:
Dungeon (10/15)            Temple (1/1) D:5
   Lair: D:8-11         Orc: D:9-12

Altars:
Ashenzari
Cheibriados
Dithmenos
Elyvilon
Fedhas
Gozag
Hepliaklqana
Kikubaaqudgha
Makhleb
Nemelex Xobeh
Okawaru
Qazlal
Ru
Sif Muna
Trog
Uskayaw
Vehumet
Wu Jian
Xom
Yredelemnul
Zin
The Shining One

Shops:
D:4 *   D:9 !

Annotations:
D:4 1 runed door


Innate Abilities, Weirdness & Mutations

You are too large for most types of armour.
You have tough skin. (AC +1)


Message History

* * * LOW HITPOINT WARNING * * *
The two-headed ogre barely misses you.
You gain the combat prowess of a mighty hero.
The two-headed ogre burns!
You hit the two-headed ogre.
The two-headed ogre looks as sick as possible!
The two-headed ogre is severely wounded.
The two-headed ogre burns!
The two-headed ogre completely misses you.
The two-headed ogre hits you with a giant club.
* * * LOW HITPOINT WARNING * * *
You hit the two-headed ogre but do no damage.
The two-headed ogre looks as sick as possible!
The two-headed ogre is severely wounded.
You hit the two-headed ogre.
The two-headed ogre looks as sick as possible!
The two-headed ogre is almost dead.
The two-headed ogre burns!
The two-headed ogre hits you with a giant club!!
You die...

......# #....#.....#.......#
#.....# #....#.....#.......#
#.....# #....#.....#.......#
#.....# #....####..')...h...
#.....# #.......####..######
#.....# #.............#
####.....# #.............#
.........#####.............#
..).............@O.........#####
<................................
....................#####........
###########.........# #........
########### #####.... .... ../ ##


You could see a two-headed ogre (burning).

Vanquished Creatures
  Pikel (D:6)
  A hornet (D:7)
  Grinder (D:5)
  A hippogriff (D:9)
  A hungry ghost (D:10)
  5 ice beasts
  An orc warrior (D:7)
  2 sky beasts (D:5)
  2 black bears (D:6)
  2 slaves (D:6)
  A wolf (D:10)
  5 ogres
  2 phantoms (D:5)
  4 centaurs
  A necrophage (D:5)
  Blork the orc (D:5)
  2 big kobolds
  3 bullfrogs
  A gnoll sergeant (D:6)
  2 scorpions
  6 killer bees (D:9)
  11 wights
  2 crimson imps
  2 quasits
  A jelly (D:8)
  10 orc priests
  5 hounds
  2 centaur skeletons
  A bullfrog skeleton (D:4)
  9 orc wizards
  3 iguanas
  Natasha (thrice) (D:4)
  5 worker ants
  3 killer bee zombies
  A hound skeleton (D:10)
  2 worker ant zombies
  6 adders
  6 gnolls
  3 howler monkey skeletons
  2 shadow imps
  An ooze (D:3)
  4 worms
  A dart slug (D:2)
  2 leopard geckos
  36 orcs
  6 bats
  8 giant cockroaches
  3 goblins
  6 hobgoblins
  6 jackals
  17 kobolds
  2 quokkas
  2 ball pythons
  A ball python skeleton (D:4)
  2 frilled lizards
  A giant cockroach zombie (D:6)
  2 leopard gecko skeletons (D:8)
  A leopard gecko zombie (D:5)
  A quokka skeleton (D:5)
  9 rats
233 creatures vanquished.

Notes
Turn   | Place    | Note
-------+----------+-------------------------------------------
     0 | D:1      | CanOfBees the Ogre Fire Elementalist began the quest for the Orb.
     0 | D:1      | Reached XP level 1. HP: 16/16 MP: 3/3
    27 | D:1      | Reached skill level 1 in Conjurations
   293 | D:1      | Reached XP level 2. HP: 25/26 MP: 2/5
   329 | D:1      | Learned a level 2 spell: Throw Flame
   498 | D:1      | Reached skill level 1 in Fighting
   994 | D:2      | Reached XP level 3. HP: 22/33 MP: 0/6
  1094 | D:2      | Found a bloodstained altar of Trog.
  1700 | D:2      | Found a white marble altar of Elyvilon.
  1700 | D:2      | Found an ornate altar of the Wu Jian Council.
  1704 | D:2      | Found a sparkling altar of Nemelex Xobeh.
  1784 | D:2      | Found a blossoming altar of Fedhas.
  1785 | D:2      | Found a hide-covered altar of Uskayaw.
  1785 | D:2      | Found a shimmering altar of Xom.
  1787 | D:2      | Found a glowing silver altar of Zin.
  1788 | D:2      | Found an ancient bone altar of Kikubaaqudgha.
  1789 | D:2      | Found a sacrificial altar of Ru.
  1985 | D:2      | Reached skill level 2 in Fighting
  2479 | D:2      | Reached XP level 4. HP: 44/44 MP: 1/8
  3089 | D:3      | Learned a level 3 spell: Conjure Flame
  3458 | D:3      | Reached skill level 3 in Fighting
  3976 | D:3      | Reached XP level 5. HP: 53/53 MP: 3/10
  4430 | D:4      | Found Gug Gif's General Store.
  4431 | D:4      | Noticed Natasha
  4443 | D:4      | Killed Natasha
  4917 | D:4      | Noticed Natasha
  4930 | D:4      | Killed Natasha
  4930 | D:4      | Reached skill level 4 in Fighting
  4930 | D:4      | Reached XP level 6. HP: 57/62 MP: 5/12
  5110 | D:4      | Learned a level 4 spell: Sticky Flame
  5402 | D:4      | Found a runed door.
  5424 | D:4      | Noticed Natasha
  5429 | D:4      | Killed Natasha
  6340 | D:5      | Entered Level 5 of the Dungeon
  6363 | D:5      | Noticed a phantom
  6383 | D:5      | Killed a phantom
  6383 | D:5      | Reached XP level 7. HP: 28/71 MP: 4/13
  7101 | D:5      | Reached skill level 1 in Polearms
  7258 | D:5      | Noticed Grinder
  7274 | D:5      | Paralysed by Grinder for 7 turns
  7360 | D:5      | Noticed Blork the orc
  7373 | D:5      | Killed Blork the orc
  7373 | D:5      | Reached skill level 5 in Fighting
  7575 | D:5      | Reached skill level 1 in Throwing
  7854 | D:5      | Reached XP level 8. HP: 76/80 MP: 6/15
  7988 | D:5      | Paralysed by Grinder for 2 turns
  7998 | D:5      | Paralysed by Grinder for 4 turns
  8005 | D:5      | Killed Grinder
  8005 | D:5      | Reached skill level 5 in Spellcasting
  8186 | D:5      | Reached skill level 5 in Fire Magic
  9079 | D:5      | Reached skill level 6 in Fighting
  9984 | D:5      | Found a staircase to the Ecumenical Temple.
  9991 | D:5      | Reached XP level 9. HP: 75/92 MP: 12/17
  9999 | Temple   | Entered the Ecumenical Temple
 10124 | Temple   | Became a worshipper of Warmaster Okawaru
 10801 | D:6      | Found a burning altar of Makhleb.
 10874 | D:6      | Reached skill level 1 in Invocations
 11508 | D:6      | Reached skill level 7 in Fighting
 11576 | D:6      | Learned a level 5 spell: Fireball
 11726 | D:6      | Noticed Pikel
 11738 | D:6      | Killed Pikel
 11738 | D:6      | Reached * piety under Okawaru
 12522 | D:6      | Found a bloodstained altar of Trog.
 12672 | D:7      | Found a radiant altar of Vehumet.
 12876 | D:7      | Noticed a hornet
 13053 | D:7      | Reached skill level 5 in Conjurations
 13307 | D:7      | Reached XP level 10. HP: 72/104 MP: 4/20
 13443 | D:7      | Paralysed by a hornet for 3 turns
 13447 | D:7      | Reached ** piety under Okawaru
 13902 | D:7      | Reached skill level 8 in Fighting
 16265 | D:8      | Reached skill level 5 in Polearms
 18213 | D:9      | Found a deep blue altar of Sif Muna.
 18234 | D:9      | Identified Sif Muna's Volume of Dark Magic
 18351 | D:9      | Reached skill level 9 in Fighting
 18391 | D:9      | Found Comi Ufa's Distillery.
 18426 | D:9      | Bought a potion of brilliance for 52 gold pieces
 18426 | D:9      | Bought a potion of heal wounds for 65 gold pieces
 18426 | D:9      | Bought a potion of heal wounds for 65 gold pieces
 19018 | D:10     | Entered Level 10 of the Dungeon
 19427 | D:10     | Reached *** piety under Okawaru
 19627 | D:10     | Noticed a two-headed ogre
 19662 | D:10     | Slain by a two-headed ogre

Vault maps used:
D:1:      dpeg_arrival_stone_temple_mockup
D:2:      minitemple, trog_butcher_becter
D:3:      first_ration, minmay_misc_feat_diagonals
D:4:      serial_shops, nicolae_shop_waterfront, uniq_natasha,
          uniq_crazy_yiuf_cottage
D:5:      minmay_temple_entry_butterflies, uniq_grinder, uniq_blork_the_orc
D:6:      kennysheep_little_box, trog_ov_bears_minmay, grunt_ministairs_5,
          uniq_pikel
D:7:      vehumet_crystals
D:9:      led_sif_book, serial_shops, nicolae_shop_waterfront
D:10:     wad_arrow_thing, erik_lair_island, orc_0_dummy, serial_shops, shop
Temple:   kb_temple_of_zot

Skill      XL: |  1  2  3  4  5  6  7  8  9 10 |
---------------+-------------------------------+-----
Conjurations   | 1 2 3 4 5 |  5.0
Dodging        | 2 |  2.0
Fighting       | 1 2 3 4 5 6 7 9 |  9.5
Fire Magic     | 3 4 5 6 7 |  7.0
Spellcasting   | 3 4 5 6 8 |  8.2
Polearms       | 1 3 4 6 |  6.1
Throwing       | 1 2 4 |  4.0
Invocations    | 3 4 |  4.0
Stealth        | |  1.4

Action                   |  1- 3 |  4- 6 |  7- 9 | 10-12 || total
-------------------------+-------+-------+-------+-------++-------
Melee: Unarmed           |     9 |       |       |       ||     9
       Short sword       |    70 |    68 |    32 |       ||   170
       Morningstar       |       |     3 |       |       ||     3
       Spear             |       |     8 |   298 |   134 ||   440
       Trident           |       |       |    40 |    13 ||    53
       Whip              |       |       |    12 |       ||    12
Throw: Stone             |    25 |    12 |    31 |     1 ||    69
       Tomahawk          |       |       |     7 |     8 ||    15
 Cast: Flame Tongue      |    34 |    45 |    25 |       ||   104
       Throw Flame       |    18 |    34 |    47 |   108 ||   207
       Sticky Flame      |       |     1 |    49 |    49 ||    99
Invok: Heroism           |       |       |       |     1 ||     1
Evoke: Wand              |       |       |     6 |     6 ||    12
  Use: Scroll            |       |     7 |     9 |     1 ||    17
       Potion            |       |     1 |     4 |     2 ||     7
 Stab: Sleeping          |     1 |     2 |       |     2 ||     5
  Eat: Chunk             |     6 |    10 |    16 |     9 ||    41
       Ration            |       |     1 |     4 |     7 ||    12
Armor: Robe              |    23 |    28 |   106 |    39 ||   196
Dodge: Dodged            |    50 |    51 |   231 |    87 ||   419

Table legend:
 A = Spawn XP
 B = Non-spawn XP
 C = Spawn XP percentage of total XP
 D = Spawn monster count
 E = Non-spawn monster count
 F = Spawn count percentage of total count
 G = Total turns spent on level
                    A         B        C        D         E        F      G
               +---------+---------+-------+---------+---------+-------+---------
         Total |       0 |    8647 |   0.0 |       0 |     231 |   0.0 | 19662
               +---------+---------+-------+---------+---------+-------+---------
           D:1 |       0 |      28 |   0.0 |       0 |      15 |   0.0 |  1254
           D:2 |       0 |      65 |   0.0 |       0 |      25 |   0.0 |  1678
           D:3 |       0 |     116 |   0.0 |       0 |      28 |   0.0 |  1571
           D:4 |       0 |     308 |   0.0 |       0 |      10 |   0.0 |  2216
           D:5 |       0 |    1926 |   0.0 |       0 |      31 |   0.0 |  4033
           D:6 |       0 |    1829 |   0.0 |       0 |      27 |   0.0 |  2608
           D:7 |       0 |    1290 |   0.0 |       0 |      29 |   0.0 |  1708
           D:8 |       0 |    1395 |   0.0 |       0 |      39 |   0.0 |  2414
           D:9 |       0 |    1097 |   0.0 |       0 |      18 |   0.0 |  1681
          D:10 |       0 |     593 |   0.0 |       0 |       9 |   0.0 |   345
               +---------+---------+-------+---------+---------+-------+---------
